 Dungeon Crawl Stone Soup version 0.29-a0-284-gf9362112df (webtiles) character file.

Game seed: 8018888907885155098

11271 sammy202020 the Blocker (level 11, 0/72 HPs)
             Began as a Gargoyle Berserker on Mar 22, 2022.
             Was a Priest of Trog.
             Slain by a skeletal warrior
             ... wielding a +0 war axe
              (21 damage)
             ... on level 12 of the Dungeon.
             The game lasted 00:23:56 (13203 turns).

sammy202020 the Blocker (Gargoyle Berserker)       Turns: 13203, Time: 00:23:56

Health: 0/72       AC: 31    Str: 23    XL:     11   Next: 75%
Magic:  11/11      EV:  9    Int: 11    God:    Trog [***...]
Gold:   2055       SH: 17    Dex: 13    Spells: 10/10 levels left

rFire   . . .      SeeInvis +   S - +0 flail (venom)
rCold   . . .      Faith    .   t - +1 tower shield
rNeg    + . .      Spirit   .   n - +6 scale mail of Panentheism {Str+3}
rPois   ∞          Reflect  .   (no helmet)
rElec   +          Harm     .   T - scarf {repulsion}
rCorr   +          Rampage  .   K - +2 pair of gloves
Will    ++...                   w - +2 pair of boots
Stlth   +.........              (no amulet)
HPRegen 1.22/turn               v - ring of resist corrosion
MPRegen 0.12/turn               P - ring of see invisible

@: strong-willed, on berserk cooldown, regenerating, hasted and slowed, studying
2 skills, repel missiles
A: sickness immunity, AC +8, negative energy resistance 1, electricity
resistance, torment resistance 1, petrification resistance, iridescent scales 1,
thin skeletal structure 1
a: Renounce Religion, Berserk, Trog's Hand


You were on level 12 of the Dungeon.
You worshipped Trog.
Trog was most pleased with you.
You visited 1 branch of the dungeon, and saw 12 of its levels.
You also visited: Sewer.

You collected 2055 gold pieces.

Inventory:

Hand Weapons
 i - a +1 hand axe
 E - a +0 morningstar
 G - a +0 hand crossbow
 S - a +0 flail of venom (weapon)
Missiles
 f - 2 throwing nets (quivered)
 m - 27 poisoned darts
 r - 9 boomerangs
 y - 2 curare-tipped darts
Armour
 n - the +6 scale mail of Panentheism (worn) {Str+3}
   (You found it on level 2 of the Dungeon)

   Str:       It affects your strength (+3).
 s - a +0 cloak
 t - a +1 tower shield (worn)
 w - a +2 pair of boots (worn)
 H - a +0 plate armour
 K - a +2 pair of gloves (worn)
 T - a scarf of repulsion (worn)
Jewellery
 a - a ring of protection from cold
 j - a +6 ring of dexterity
 q - an amulet of magic regeneration
 v - a ring of resist corrosion (left hand)
 F - a +6 ring of intelligence
 J - a +6 ring of intelligence
 O - a ring of magical power
 P - a ring of see invisible (right hand)
Wands
 C - a wand of flame (14)
Scrolls
 c - 7 scrolls of teleportation
 u - a scroll of amnesia
 A - 3 scrolls of fog
 B - 2 scrolls of magic mapping
 D - 4 scrolls of enchant armour
 I - 4 scrolls of blinking
 M - a scroll of summoning
 Q - 4 scrolls of identify
 R - a scroll of enchant weapon
 U - a scroll of brand weapon {unknown}
Potions
 b - 4 potions of lignification
 d - 4 potions of attraction
 e - 3 potions of haste
 g - a potion of berserk rage
 h - 4 potions of heal wounds
 k - 2 potions of mutation
 l - 5 potions of might
 o - 8 potions of curing
 p - a potion of invisibility
 x - 3 potions of resistance
 z - a potion of magic
 L - 2 potions of flight
Miscellaneous
 N - a lightning rod (4/4)


   Skills:
 * Level 10.0 Fighting
 * Level 9.3 Maces & Flails
 * Level 9.7 Armour
 + Level 5.2 Dodging
 * Level 11.1 Shields
 + Level 2.8 Evocations


You had 10 spell levels left.
You didn't know any spells.
Your spell library was empty.

Dungeon Overview and Level Annotations

Branches:
Dungeon (12/15)            Temple (0/1) D:5            Lair (0/6) D:10
    Orc (0/2) D:12          Sewer (visited)

Altars:
Cheibriados
Elyvilon
Gozag
Hepliaklqana
Nemelex Xobeh
Ru
Sif Muna
Uskayaw
Wu Jian

Shops:
D:3 [


Innate Abilities, Weirdness & Mutations

You are immune to sickness and miasma.
Your stone body is resilient. (AC +8)
You are immune to poison.
You resist negative energy. (rN+)
You are resistant to electric shocks. (rElec)
You are resistant to unholy torment.
You are immune to petrification.
You are partially covered in iridescent scales. (AC +2)
You have a somewhat thin skeletal structure. (Dex +2, Stealth+)


Message History

Calm down first, please.
You feel a strong urge to attack something.
The door flies open with a bang!
You feel your anger nearly subside.
A skeletal warrior and a centaur come into view.
You are no longer berserk.
You are exhausted.
You feel yourself slow down.
Found a potion of haste.
The centaur wields a +0 shortbow.
The centaur shoots an arrow.
The arrow barely misses you.
The centaur shoots an arrow.
You block the arrow.
A gargoyle comes into view. It is wielding a +0 dire flail.
You hit the skeletal warrior.
The skeletal warrior is lightly damaged.
You block the skeletal warrior's attack.
You feel much better.
You block the skeletal warrior's attack.
The skeletal warrior closely misses you.
You hit the skeletal warrior but do no damage.
The skeletal warrior is lightly damaged.
The skeletal warrior hits you but does no damage.
You sock the skeletal warrior!
The skeletal warrior is lightly damaged.
You block the skeletal warrior's attack.
The skeletal warrior hits you with a +0 war axe!
You hit the skeletal warrior but do no damage.
The skeletal warrior is lightly damaged.
You block the skeletal warrior's attack. x2
Your skin crawls.
You feel strong-willed.
The skeletal warrior hits you with a +0 war axe!
* * * LOW HITPOINT WARNING * * *
You feel yourself speed up.
The skeletal warrior hits you but does no damage.
You block the skeletal warrior's attack.
You closely miss the skeletal warrior.
The skeletal warrior is lightly damaged.
The skeletal warrior hits you with a +0 war axe!!
You die...

##.######8)8# #
##.##.#.#8.8#
##
###...##).'...+
####.
#.....#...##8##
+....
#.#..##'#######
####. #.##.#..#
..!. #..
#.##.#.)# ⌠...⌠
#.#
#....#..#....⌠.
##.#
#..####@zc..⌠..
#...
#.....###9.⌠...
#... ##.####
.⌠...⌠ #...
####.#####
..... ##)..
#........#
##+#### #....
#.##.###.###
...##....
#.##.......#
#.)......
#.######.###
##.##.... #.#
#.# # #....


You could see a skeletal warrior, a gargoyle and a centaur.

Vanquished Creatures
  Erica (D:11)
  A two-headed ogre (D:8)
  A skeletal warrior (D:12)
  A manticore (D:12)
  A cyclops (D:12)
  A gargoyle (D:12)
  A komodo dragon (D:11)
  A kobold demonologist (D:12)
  2 hornets
  Sigmund (D:5)
  2 wraiths
  16 yaks
  4 wyverns
  2 wargs (D:12)
  An acid dragon (D:6)
  Duvessa (D:5)
  A water moccasin (D:5)
  5 orc warriors
  A sky beast (D:5)
  An ice beast (D:7)
  3 ogres
  5 centaurs
  3 kobold brigands
  2 phantoms (D:6)
  Blork the orc (D:5)
  3 bullfrogs
  A gnoll sergeant (D:8)
  3 necrophages
  4 wights (D:8)
  Dowan (D:5)
  5 killer bees (D:7)
  2 howler monkeys
  6 hounds
  2 jellies
  6 orc priests
  Crazy Yiuf (D:4)
  Ijyb (D:5)
  An iguana (D:7)
  5 orc wizards
  Natasha (twice) (D:2)
  A mummy (D:10)
  6 gnolls
  5 river rats (Sewer)
  14 adders
  A shadow imp (D:7)
  An ufetubus (D:7)
  3 dart slugs
  3 worms
  55 orcs
  11 ball pythons
  5 endoplasms
  4 giant cockroaches
  5 goblins
  5 hobgoblins
  3 jackals
  16 kobolds
  6 quokkas
  2 bats (D:1)
  6 frilled lizards
  8 rats
262 creatures vanquished.

Vanquished Creatures (others)
  7 plants (Sewer)
7 creatures vanquished.

Grand Total: 269 creatures vanquished

Notes
Turn   | Place    | Note
-------+----------+-------------------------------------------
     0 | D:1      | sammy202020 the Gargoyle Berserker began the quest for the
                  | Orb.
     0 | D:1      | Reached XP level 1. HP: 14/14 MP: 1/1
   210 | D:1      | Reached XP level 2. HP: 19/19 MP: 2/2
   650 | D:1      | Reached XP level 3. HP: 24/24 MP: 3/3
   786 | D:2      | Reached ** piety under Trog
   826 | D:2      | Found a hazy altar of Hepliaklqana.
   828 | D:2      | Noticed Natasha
   840 | D:2      | Killed Natasha
   848 | D:2      | Reached XP level 4. HP: 24/29 MP: 4/4
   980 | D:2      | Found a faded altar of an unknown god.
  1280 | D:2      | Identified the +6 scale mail of Panentheism {Str+3}
  1512 | D:2      | Noticed Natasha
  1539 | D:2      | Killed Natasha
  1540 | D:2      | Reached XP level 5. HP: 30/33 MP: 5/5
  1571 | D:2      | You fall into a shaft and drop 1 floor!
  1841 | D:3      | Found an ornate altar of the Wu Jian Council.
  1887 | D:3      | Found an opulent altar of Gozag.
  1901 | D:3      | Found an opulent altar of Gozag.
  1907 | D:3      | Found an opulent altar of Gozag.
  2027 | D:3      | Found Yseuffixt's Antique Armour Emporium.
  2451 | D:3      | Found an opulent altar of Gozag.
  2611 | D:3      | Identified a scroll of acquirement
  2611 | D:3      | Acquired 1328 gold pieces
  2768 | D:4      | Reached skill level 1 in Shields
  2970 | D:4      | Reached XP level 6. HP: 37/39 MP: 6/6
  3307 | D:4      | Found a runed translucent door.
  3308 | D:4      | Noticed Crazy Yiuf
  3538 | D:4      | Killed Crazy Yiuf
  3819 | D:5      | Entered Level 5 of the Dungeon
  3837 | D:5      | Noticed Sigmund
  3842 | D:5      | Killed Sigmund
  3843 | D:5      | Reached skill level 5 in Fighting
  3843 | D:5      | Reached skill level 2 in Shields
  3843 | D:5      | Reached XP level 7. HP: 44/44 MP: 7/7
  3901 | D:5      | Reached skill level 5 in Maces & Flails
  3942 | D:5      | Found a glowing drain.
  3953 | Sewer    | Entered a sewer
  4064 | Sewer    | Reached *** piety under Trog
  4065 | Sewer    | Reached skill level 3 in Shields
  4170 | Sewer    | Reached skill level 5 in Armour
  4792 | D:5      | Found a staircase to the Ecumenical Temple.
  4812 | D:5      | Reached XP level 8. HP: 51/51 MP: 8/8
  5098 | D:5      | Found a shimmering blue altar of Sif Muna.
  5253 | D:5      | Noticed Ijyb
  5265 | D:5      | Killed Ijyb
  5409 | D:5      | Noticed Blork the orc
  5412 | D:5      | Noticed Dowan
  5414 | D:5      | Noticed Duvessa
  5419 | D:5      | Killed Blork the orc
  5420 | D:5      | Reached skill level 4 in Shields
  5434 | D:5      | Killed Duvessa
  5436 | D:5      | Killed Dowan
  6181 | D:6      | Reached XP level 9. HP: 56/56 MP: 9/9
  6187 | D:6      | Found a hide-covered altar of Uskayaw.
  6325 | D:6      | Reached skill level 5 in Shields
  6583 | D:7      | Found a hazy altar of Hepliaklqana.
  7177 | D:7      | Reached **** piety under Trog
  7737 | D:8      | Acquired a manual of Shields
  7822 | D:8      | Found a sacrificial altar of Ru.
  7848 | D:8      | Reached skill level 6 in Shields
  8039 | D:8      | Noticed a hornet
  8063 | D:8      | Killed a hornet
  8064 | D:8      | Reached XP level 10. HP: 38/64 MP: 10/10
  8275 | D:8      | Reached skill level 7 in Shields
  8278 | D:8      | Noticed a two-headed ogre
  8291 | D:8      | Killed a two-headed ogre
  8533 | D:8      | Found a sparkling altar of Nemelex Xobeh.
  9006 | D:9      | Identified the +5 rapier of Xuphyar {pain, rF++ rCorr SInv}
  9225 | D:9      | Reached skill level 8 in Shields
  9574 | D:9      | Found a white marble altar of Elyvilon.
  9963 | D:10     | Entered Level 10 of the Dungeon
 10077 | D:10     | Found a snail-covered altar of Cheibriados.
 10101 | D:10     | Reached skill level 1 in Evocations
 10113 | D:10     | Found a staircase to the Lair.
 10131 | D:10     | Gained mutation: You are partially covered in iridescent
                  | scales. (AC +2) [potion of mutation]
 10131 | D:10     | Gained mutation: You have a somewhat thin skeletal
                  | structure. (Dex +2, Stealth+) [potion of mutation]
 10254 | D:10     | Reached skill level 9 in Shields
 10918 | D:11     | Reached XP level 11. HP: 56/71 MP: 11/11
 11250 | D:11     | Reached skill level 10 in Shields
 11407 | D:11     | Noticed Erica
 11412 | D:11     | Paralysed by Erica for 6 turns
 11420 | D:11     | Killed Erica
 11421 | D:11     | Reached skill level 5 in Dodging
 12289 | D:12     | Noticed a cyclops
 12321 | D:12     | Killed a cyclops
 12401 | D:12     | Noticed a manticore
 12419 | D:12     | Killed a manticore
 12436 | D:12     | Found a staircase to the Orcish Mines.
 13132 | D:12     | Noticed a skeletal warrior
 13176 | D:12     | Killed a skeletal warrior
 13177 | D:12     | Reached skill level 10 in Fighting
 13177 | D:12     | Reached skill level 11 in Shields
 13193 | D:12     | Noticed a skeletal warrior
 13203 | D:12     | Slain by a skeletal warrior

Illustrated notes

Levels and vault maps discovered:
D:1:      heliophobic_arrival_glass_houses, layout_rooms,
          minmay_misc_feat_encased, minmay_split_cup_small
D:2:      layout_rooms, serial_aquarium, aquarium_bridge_long_separate
          [aquarium_subvault_bridge, aquarium_subvault_window,
          aquarium_subvault_wall, aquarium_subvault_bridge,
          aquarium_subvault_wall, aquarium_subvault_window],
          aquarium_bridge_square [aquarium_subvault_bridge,
          aquarium_subvault_bridge, aquarium_subvault_window,
          aquarium_subvault_bridge], aquarium_window_corridor_3,
          aquarium_window_fake, aquarium_window_fake, aquarium_window_corner,
          aquarium_view_2d, aquarium_pool_2,
          hellmonk_ecumenical_altar_dog_temple, basic_altar, uniq_natasha
D:3:      layout_basic, lemuel_tele_altar,
          nicolae_gozag_conspicuous_consumption, serial_shops,
          nicolae_diamond_shop
D:4:      layout_loops_ring, minmay_manual_moon, uniq_crazy_yiuf_cottage
D:5:      layout_loops_corners, nicolae_overflow_crystal_walls,
          minmay_temple_entry_steel_oval, portal_sewer_entry_d,
          corexii_leaking_fountain, minivault_14, uniq_sigmund, uniq_duvessa,
          uniq_ijyb, uniq_blork_the_orc
D:6:      layout_basic, nicolae_uskayaw_suspiria
D:7:      layout_basic, mainiacjoe_overflow_concentric_impassable, minivault_25
D:8:      layout_gridville, kennysheep_little_box,
          nemelex_xobeh_ov_fountains_minmay
D:9:      layout_basic, mainiacjoe_overflow_catwalk
D:10:     layout_roguey, slow_altar_1, special_room [special_room_orc]
D:11:     layout_gridville, uniq_erica
D:12:     minmay_chambers_of_sevens, layout_loops_corners, erik_orc_4,
          st_stairs_8

Skill      XL: |  1  2  3  4  5  6  7  8  9 10 11 |
---------------+----------------------------------+-----
Armour         | 3 4 5 6 7 8 9 |  9.7
Fighting       | 4 5 6 8 9 10 | 10.0
Dodging        | 2 3 4 5 |  5.2
Maces & Flails | 4 5 6 7 8 9 |  9.3
Shields        | 1 2 3 4 6 9 11 | 11.1
Evocations     | 1 2 |  2.8

Action                   |  1- 3 |  4- 6 |  7- 9 | 10-12 || total
-------------------------+-------+-------+-------+-------++-------
Melee: Mace              |    71 |    81 |       |       ||   152
       Punch             |     1 |     2 |       |       ||     3
       Flail             |       |    50 |       |   234 ||   284
       Whip              |       |    56 |   547 |   290 ||   893
Invok: Trog's Hand       |     1 |     1 |     1 |     4 ||     7
       Berserk           |       |     1 |     2 |     5 ||     8
  Use: Scroll            |       |    11 |    11 |     5 ||    27
       Potion            |       |       |       |     3 ||     3
Armor: Animal skin       |    40 |    15 |       |       ||    55
       Scale mail        |       |   121 |   262 |   211 ||   594
Dodge: Dodged            |    68 |   124 |   126 |   124 ||   442
Block: Tower shield      |       |    61 |   351 |   446 ||   858

Table legend: (Time is in decaauts)
 A = Elapsed time spent in this place.
 B = Non-inter-level travel time spent in this place.
 C = Inter-level travel time spent in this place.
 D = Time resting spent in this place.
 E = Time spent auto-exploring this place.
 F = Levels seen in this place.
 G = Mean time per level.
                   A        B        C        D        E       F      G
               +--------+--------+--------+--------+--------+-----+--------+
         Total |  13653 |  13251 |    402 |     90 |   9908 |  13 | 1050.2 |
       Dungeon |  12668 |  12266 |    402 |     90 |   9262 |  12 | 1055.7 |
         Sewer |    984 |    984 |      0 |      0 |    646 |   1 |  984.0 |
               +--------+--------+--------+--------+--------+-----+--------+

Top non-repeatable levels by time:
    D:11: 1502 daAuts
     D:7: 1254 daAuts
     D:9: 1187 daAuts
     D:4: 1153 daAuts
     D:3: 1151 daAuts
     D:8: 1113 daAuts
     D:5: 1104 daAuts
   Sewer: 984 daAuts
    D:12: 964 daAuts
    D:10: 863 daAuts
     D:2: 811 daAuts
     D:1: 787 daAuts
     D:6: 775 daAuts
